 Dungeon Crawl Stone Soup version 0.29.0-4-gdea44cf6ec (webtiles) character file.

Game seed: 1596026065126544376

8 qw the Sneak (level 2, 0/19 HPs)
             Began as a Gargoyle Delver on Sept 10, 2022.
             Slain by an orc
             ... wielding a +0 flail
              (2 damage)
             ... on level 4 of the Dungeon.
             The game lasted 00:00:04 (177 turns).

qw the Sneak (Gargoyle Delver)                       Turns: 177, Time: 00:00:05

Health: 0/19       AC: 11    Str: 15    XL:     2   Next: 8%
Magic:  2/2        EV:  6    Int: 10    God:
Gold:   23         SH:  0    Dex: 11    Spells: 1/1 levels left

rFire   . . .      SeeInvis +   Y - +0 hand axe
rCold   . . .      Faith    .   (no shield)
rNeg    + . .      Spirit   .   j - +0 chain mail
rPois   inf        Reflect  .   (no helmet)
rElec   +          Harm     .   (no cloak)
rCorr   .          Rampage  .   (no gloves)
Will    .....                   (no boots)
Stlth   ..........              (no amulet)
HPRegen 0.06/turn               h - ring of see invisible
MPRegen 0.08/turn               (no ring)

@: no status effects
A: sickness immunity, AC +2, negative energy resistance 1, electricity
resistance, torment resistance 1, petrification resistance
a: no special abilities


You were on level 4 of the Dungeon.
You visited 1 branch of the dungeon, and saw 2 of its levels.

You collected 23 gold pieces.


Innate Abilities, Weirdness & Mutations

You are immune to sickness and miasma.
Your stone body is resilient. (AC +2)
You are immune to poison.
You resist negative energy. (rN+)
You are resistant to electric shocks. (rElec)
You are resistant to unholy torment.
You are immune to petrification.


   Skills:
 - Level 3.2 Fighting
 + Level 2.2 Axes
 - Level 1.0 Armour
 - Level 1.5 Dodging
 - Level 5.4 Stealth


You had one spell level left.
You didn't know any spells.
Your spell library was empty.

Inventory:

Hand Weapons
 Y - a +0 hand axe (weapon)
Armour
 j - a +0 chain mail (worn)
Jewellery
 h - a ring of see invisible (left hand)
Wands
 g - a wand of digging (3)
Potions
 f - a potion of haste
 k - a potion of curing {unknown}

Dungeon Overview and Level Annotations

Branches:
Dungeon (5/15)             Temple (0/1) D:4

Altars:


Message History

You kill the orc!
You closely miss the orc wizard. You hit the orc but do no damage.
The orc hits you but does no damage.
The orc wizard hits you but does no damage.
Your Armour skill increases to level 1!
You hit the orc.
You kill the orc!
You hit the orc. You closely miss the orc wizard.
The orc hits you with a +0 whip. The orc wizard casts a spell at you.
You are confused.
You have reached level 2!
You bump into the metal wall.
The orc wizard points at you and mumbles some strange words.
You resist with significant effort.
You barely miss the orc wizard. You miss the orc wizard.
The orc wizard hits you with a +0 dagger.
You miss the orc wizard. x2
The orc wizard hits you but does no damage.
You barely miss the orc.
The orc is lightly wounded.
You hit the orc wizard but do no damage. x2
The orc wizard hits you but does no damage.
The orc hits you but does no damage.
The orc wizard hits you but does no damage.
You hit the orc but do no damage.
The orc is lightly wounded.
You closely miss the orc wizard. You hit the orc. You miss the orc wizard.
You feel less confused.
The orc wizard hits you but does no damage.
The orc barely misses you.
The orc wizard hits you but does no damage.
The orc hits you but does no damage. The orc hits you with a +0 whip.
The orc wizard hits you but does no damage. x2
You hit the orc.
The orc is almost dead.
You hit the orc. You closely miss the orc wizard. You hit the orc.
You barely miss the orc wizard. The orc hits you with a +0 flail.
You die... # #.!.# #. #.}.# .. .###...###.# ..........# }..>..}..## # oo.....

.. #. #oo.# .##
##.. #@o.# ....
.....#oo.#....#
................
........>.#..#.#
.............#
###+#...###.##
#.... ... #.#..
### ....#


You could see an orc priest, 2 orc wizards and 4 orcs.

Vanquished Creatures
  A dart slug (D:5)
  2 orcs (D:4)
  A hobgoblin (D:4)
4 creatures vanquished.

Notes
Turn   | Place    | Note
-------+----------+-------------------------------------------
     0 | D:5      | qw the Gargoyle Delver began the quest for the Orb.
     0 | D:5      | Reached XP level 1. HP: 14/14 MP: 1/1
     0 | D:5      | 0 ||| qw: Version: 0.1-a-116-g5d60599
     0 | D:5      | 0 ||| qw: Game counter: 9267
     0 | D:5      | 0 ||| qw: Always use a shield: true
     0 | D:5      | 0 ||| qw: God list: Okawaru
     0 | D:5      | 0 ||| qw: Allow faded altars: false
     0 | D:5      | 0 ||| qw: Do Orc after D:15 true
     0 | D:5      | 0 ||| qw: Do second Lair branch before Depths: true
     0 | D:5      | 0 ||| qw: Lair rune preference: random
     0 | D:5      | 0 ||| qw: Plans: Normal
     0 | D:5      | 0 ||| PLANNING D:1-11
    70 | D:5      | 70 ||| UPGRADING to +0 ring mail.
    80 | D:5      | 80 ||| DROPPING +0 leather armour.
    81 | D:5      | 81 ||| UPGRADING to +0 chain mail.
    91 | D:5      | 91 ||| DROPPING +0 ring mail.
    92 | D:5      | 92 ||| UPGRADING to ring of see invisible.
    93 | D:5      | 93 ||| DROPPING scroll of fog.
    94 | D:5      | 94 ||| DROPPING scroll of magic mapping.
    95 | D:5      | 95 ||| DROPPING scroll of fear.
   150 | D:5      | 150 ||| READING scroll labelled JETWYGG VEAD.
   157 | D:4      | Found a staircase to the Ecumenical Temple.
   158 | D:4      | 158 ||| PLANNING TEMPLE
   162 | D:4      | Noticed an orc wizard
   163 | D:4      | 163 ||| Stepping ~*~*~tactically~*~*~ (hiding).
   163 | D:4      | Noticed an orc wizard
   166 | D:4      | Noticed an orc priest
   171 | D:4      | Reached skill level 1 in Armour
   172 | D:4      | Reached XP level 2. HP: 8/19 MP: 2/2
   176 | D:4      | HP: 2/19 [orc/+0 whip (5)]
   177 | D:4      | Slain by an orc

Levels and vault maps discovered:
D:4:      kennysheep_the_goblin_king, layout_basic,
          mainiacjoe_overflow_boulevard, kennysheep_little_box,
          minmay_temple_entry_junction_2
D:5:      layout_basic, portal_sewer_entry_c, kennysheep_pointless_box,
          wad_floor_pattern_untrapped, minmay_quadrilaterals, uniq_grinder

Skill      XL: |  1 |
---------------+----+-----
Axes           | 2 |  2.2
Armour         | 1 |  1.0
Fighting       | |  3.2
Dodging        | |  1.5
Stealth        | |  5.4

Action                   || total
-------------------------++-------
Melee: Hand axe          ||    14
  Use: Scroll            ||     1
Armor: Chain mail        ||    22
Dodge: Dodged            ||     5

Table legend:
 A = Non-vault XP
 B = Vault XP
 C = Vault XP percentage of total XP
 D = Non-vault monster count
 E = Vault monster count
 F = Vault count percentage of total count
                 A         B        C        D         E       F
            +---------+---------+-------+---------+---------+-------
      Total |      12 |       0 |   0.0 |       4 |       0 |   0.0
            +---------+---------+-------+---------+---------+-------
        D:4 |       8 |       0 |   0.0 |       3 |       0 |   0.0
        D:5 |       4 |       0 |   0.0 |       1 |       0 |   0.0
            +---------+---------+-------+---------+---------+-------
